 Dungeon Crawl Stone Soup version 0.29-a0-344-ge2f44be95a (webtiles) character file.

Game seed: 15240299644901129435

25943 sammy202020 the Warrior (level 12, -1/121 HPs)
             Began as a Minotaur Fighter on Apr 22, 2022.
             Was an Elder of Trog.
             Slain by a swamp dragon (shapeshifter) (3 damage)
             ... on level 12 of the Dungeon.
             The game lasted 00:29:52 (15946 turns).

sammy202020 the Warrior (Minotaur Fighter)         Turns: 15946, Time: 00:29:53

Health: -1/121     AC: 24    Str: 19    XL:     12   Next: 94%
Magic:  11/11      EV:  7    Int:  9    God:    Trog [****..]
Gold:   245        SH:  7    Dex: 17    Spells: 11/11 levels left

rFire   . . .      SeeInvis .   a - +1 war axe (freeze)
rCold   . . .      Faith    .   c - +0 buckler
rNeg    + + .      Spirit   .   d - +0 plate armour
rPois   +          Reflect  .   O - +4 hat of Bedevilment {rN+ rCorr}
rElec   .          Harm     .   b - +0 cloak
rCorr   +          Rampage  .   P - +0 pair of gloves
Will    ++...                   r - +1 pair of boots
Stlth   ..........              (no amulet)
HPRegen 1.30/turn               v - ring of flight
MPRegen 0.12/turn               q - ring "Trusted Companion" {Contam rN+ rCorr Dex+6 Slay+2}

@: strong-willed, flying, regenerating
A: horns 2, retaliatory headbutt, poison resistance, weak 1, MP-powered wands
a: Renounce Religion, Berserk, Trog's Hand, Brothers in Arms


You were on level 12 of the Dungeon.
You worshipped Trog.
Trog was greatly pleased with you.
You visited 2 branches of the dungeon, and saw 13 of its levels.

You collected 942 gold pieces.
You spent 697 gold pieces at shops.

Inventory:

Hand Weapons
 a - a +1 war axe of freezing (weapon)
 f - a +3 hand axe
 E - a +1 long sword of flaming
 G - the +6 triple crossbow "Ritsasch" {flame, rPois}
   (You took it off a centaur on level 12 of the Dungeon)

   Any ammunition fired from it burns those it strikes, dealing additional fire
   damage.
   rPois:     It protects you from poison.
Missiles
 g - 16 poisoned darts
 l - 4 throwing nets
 p - 2 silver boomerangs
 s - 13 boomerangs (quivered)
 w - 4 javelins
 y - 3 atropa-tipped darts
 K - a curare-tipped dart
Armour
 b - a +0 cloak (worn)
 c - a +0 buckler (worn)
 d - a +0 plate armour (worn)
 r - a +1 pair of boots (worn)
 H - the +0 ring mail of the Midnight Sun {rElec Will+}
   (You found it on level 8 of the Dungeon)

   rElec:     It insulates you from electricity.
   Will:      It increases your willpower.
 O - the +4 hat of Bedevilment (worn) {rN+ rCorr}
   (You bought it in a shop on level 10 of the Dungeon)

   rN:        It protects you from negative energy.
   rCorr:     It protects you from acid and corrosion.
 P - a +0 pair of gloves (worn)
Jewellery
 h - a +6 ring of dexterity
 k - a ring of poison resistance
 q - the ring "Trusted Companion" (right hand) {Contam rN+ rCorr Dex+6 Slay+2}
   (You found it on level 5 of the Dungeon)

   [ring of dexterity]

   Dex:       It affects your dexterity (+6).
   Slay:      It affects your accuracy & damage with ranged weapons and melee
   (+2).
   rN:        It protects you from negative energy.
   Contam:    It causes magical contamination when unequipped.
   rCorr:     It protects you from acid and corrosion.
 v - a ring of flight (left hand)
 B - the ring of Xom's Ringing Laughter {Fire rN+}
   (You found it on level 7 of the Dungeon)

   [ring of fire]

   It enhances your fire magic.
   rF:        It protects you from fire.
   rC:        It makes you vulnerable to cold.
   rN:        It protects you from negative energy.
 U - a ring of protection from cold
Wands
 C - a wand of flame (34)
 D - a wand of digging (4)
 N - a wand of charming (5)
Scrolls
 x - 2 scrolls of enchant armour
 F - 2 scrolls of enchant weapon
 I - a scroll of holy word
 L - 3 scrolls of teleportation
 R - 5 scrolls of identify
 S - a scroll of amnesia {unknown}
 T - a scroll of magic mapping {unknown}
Potions
 e - 6 potions of flight
 i - 4 potions of curing
 j - 2 potions of resistance
 m - 4 potions of attraction
 n - 3 potions of brilliance
 t - a potion of berserk rage
 u - 2 potions of lignification
 A - a potion of magic {unknown}
 J - a potion of cancellation {unknown}
 M - a potion of ambrosia {unknown}
 Q - 2 potions of invisibility {unknown}
Miscellaneous
 o - a phantom mirror
 z - a piece from Xom's chessboard (15/15)
 V - a phantom mirror


   Skills:
 * Level 15.3 Fighting
 * Level 15.1 Axes
 + Level 11.2 Armour
 + Level 2.4 Dodging
 + Level 11.4 Shields
 + Level 2.0 Evocations


You had 11 spell levels left.
You didn't know any spells.
Your spell library contained the following spells:

 Spells                   Type           Power      Damage    Failure   Level
 Sandblast                Erth           0%         2d4       100%        1
 Passwall                 Tmut/Erth      0%         N/A       100%        2
 Call Canine Familiar     Summ           0%         N/A       100%        3
 Portal Projectile        Hex/Tloc       0%         N/A       100%        3
 Stone Arrow              Conj/Erth      0%         3d7       100%        3
 Leda's Liquefaction      Hex/Erth       0%         N/A       100%        4


Dungeon Overview and Level Annotations

Branches:
Dungeon (12/15)            Temple (1/1) D:5            Lair (0/6) D:11
    Orc (0/2) D:10

Altars:
Cheibriados
Dithmenos
Fedhas
Okawaru
Qazlal
Trog
Uskayaw
Vehumet
Wu Jian
Xom

Shops:
D:1 ?   D:5 !*(   D:10 [(


Innate Abilities, Weirdness & Mutations

You have a pair of horns on your head.
You reflexively headbutt those who attack you in melee.
Your system is resistant to poisons. (rPois)
You are weak. (Str -2)
You expend magic power (3 MP) to strengthen your wands.


Message History

You are too injured to fight recklessly!
You are too injured to fight recklessly!
You are too injured to fight recklessly!
You are too injured to fight recklessly!
You are too injured to fight recklessly!
You are too injured to fight recklessly!
You are too injured to fight recklessly!
You are too injured to fight recklessly!
You are too injured to fight recklessly!
You are too injured to fight recklessly!
You are too injured to fight recklessly!
You are too injured to fight recklessly!
You are too injured to fight recklessly!
You are too injured to fight recklessly!
You are too injured to fight recklessly!
You are too injured to fight recklessly!
You are too injured to fight recklessly!
Unknown command.
Your skin crawls.
You feel strong-willed. You block the culicivora's attack.
The fire dragon breathes flames at you. The blast of flame hits you!!!
* * * LOW HITPOINT WARNING * * *
Okay, then.
Okay, then.
The culicivora barely misses you. You furiously retaliate!
You headbutt the culicivora, but do no damage.
You block the culicivora's attack. The culicivora bites you.
* * * LOW HITPOINT WARNING * * *
The culicivora changes into a swamp dragon!
The death knight's dark mirror aura disappears.
The swamp dragon closely misses you. You furiously retaliate!
You headbutt the swamp dragon. The swamp dragon barely misses you. x2
The swamp dragon attacks as you move away!
The swamp dragon bites you!
* * * LOW HITPOINT WARNING * * *
You block the swamp dragon's attack. The swamp dragon tramples you.
You die...

... #.#####.#
#####.##### #...# #.# #
#).$.....)####.####.# #.
###.### ##).#..###( #..
#.....###..#)#..### #..
###p####..##.##..## ..
#D....#..##...##..#
#.#D#####.##..)..##.#
#...@....#).))#....#.
#.#####.#.##..:))##.#
#.#.....#..##...##..# ^.
###.####[.##.##..## ##..
#.....###..#†#..# #
#..##..#....###..#..# ##
#.##..##..#..####.#####.
#.#..###..##..##.#.##.##
#.#.....#.###.#.#.#.#..#


You could see a fire dragon and a swamp dragon shaped shifter.

Vanquished Creatures
  3 boulder beetles
  4 centaur warriors (D:12)
  4 hydras
  A catoblepas (D:12)
  2 two-headed ogres
  Nergalle (D:10)
  Amaemon (D:9)
  Pikel (D:6)
  2 wizards (D:12)
  2 deep elf pyromancers
  A deep elf zephyrmancer (D:12)
  The ghost of sirJeffrey23 the Insei, a novice DsMo of Jiyva (D:7)
  A manticore (D:12)
  2 cyclopes (D:12)
  Joseph (D:10)
  A gargoyle (D:12)
  An orange demon (D:9)
  Maggie (D:6)
  A komodo dragon (D:12)
  An unseen horror (D:12)
  A freezing wraith (D:12)
  A kobold demonologist (D:12)
  2 slime creatures (D:12)
  A shadow (D:12)
  8 yaks
  4 wraiths
  3 wyverns (D:11)
  4 basilisks
  2 steam dragons (D:8)
  4 vampire mosquitoes (D:12)
  Menkaure (D:7)
  An acid dragon (D:9)
  3 water moccasins
  Duvessa (D:6)
  11 orc warriors
  3 sky beasts
  6 black bears
  5 ice beasts (D:7)
  2 ogres
  5 centaurs
  A wolf (D:11)
  A phantom (D:5)
  3 kobold brigands
  3 bullfrogs
  4 scorpions
  A necrophage (D:4)
  7 wights (D:8)
  Dowan (D:6)
  A killer bee (D:7)
  3 howler monkeys (D:9)
  An electric eel (D:10)
  4 hounds
  3 jellies
  3 gnoll shamans
  4 orc priests
  3 iguanas
  15 orc wizards
  Natasha (D:2)
  15 gnolls
  8 adders
  3 shadow imps
  7 white imps
  A howler monkey simulacrum (D:7)
  2 worms (D:4)
  A dart slug (D:2)
  39 orcs
  9 endoplasms
  2 giant cockroaches
  9 goblins
  9 hobgoblins
  2 jackals (D:1)
  3 quokkas
  4 ball pythons
  7 bats
  3 frilled lizards
  19 kobolds
  4 rats
306 creatures vanquished.

Vanquished Creatures (others)
  9 plants
9 creatures vanquished.

Grand Total: 315 creatures vanquished

Notes
Turn   | Place    | Note
-------+----------+-------------------------------------------
     0 | D:1      | sammy202020 the Minotaur Fighter began the quest for the
                  | Orb.
     0 | D:1      | Reached XP level 1. HP: 19/19 MP: 0/0
    21 | D:1      | Reached XP level 2. HP: 23/27 MP: 1/1
   613 | D:1      | Reached XP level 3. HP: 32/33 MP: 2/2
   656 | D:1      | Found Paokh's Magic Scroll Shoppe.
  1242 | D:2      | Noticed Natasha
  1251 | D:2      | Killed Natasha
  1252 | D:2      | Reached XP level 4. HP: 13/41 MP: 3/3
  2705 | D:3      | Found a hide-covered altar of Uskayaw.
  2899 | D:3      | Reached skill level 5 in Fighting
  2899 | D:3      | Reached XP level 5. HP: 34/48 MP: 4/4
  4090 | D:4      | Reached skill level 5 in Axes
  4090 | D:4      | Reached XP level 6. HP: 56/56 MP: 5/5
  4477 | D:5      | Entered Level 5 of the Dungeon
  4672 | D:5      | Found Taep's Assorted Antiques.
  4694 | D:5      | Reached skill level 5 in Armour
  4694 | D:5      | Reached skill level 5 in Shields
  4952 | D:5      | Bought a cloak for 112 gold pieces
  4968 | D:5      | Found Navael's Weapon Emporium.
  4977 | D:5      | Noticed a sky beast
  4978 | D:5      | Identified the ring "Trusted Companion" {Contam rN+ rCorr
                  | Dex+6 Slay+2}
  4989 | D:5      | Killed a sky beast
  4990 | D:5      | Reached XP level 7. HP: 57/64 MP: 6/6
  5090 | D:5      | Found a staircase to the Ecumenical Temple.
  5104 | Temple   | Entered the Ecumenical Temple
  5208 | Temple   | Became a worshipper of Trog the Wrathful
  5242 | D:5      | Found a shadowy altar of Dithmenos.
  5276 | D:5      | Found Gioce's Distillery.
  5918 | D:5      | Bought a potion of mutation for 96 gold pieces
  6029 | D:6      | Noticed Pikel
  6042 | D:6      | Killed Pikel
  6043 | D:6      | Reached XP level 8. HP: 53/74 MP: 7/7
  6143 | D:6      | Found a blossoming altar of Fedhas.
  6151 | D:6      | Identified the +10 falchion of Bodily Harmony {drain, rF++
                  | MP+9 SInv Stlth+}
  6304 | D:6      | Noticed Maggie
  6319 | D:6      | Killed Maggie
  6617 | D:6      | Noticed Duvessa
  6618 | D:6      | Noticed Dowan
  6629 | D:6      | Killed Duvessa
  6633 | D:6      | Killed Dowan
  6633 | D:6      | Reached * piety under Trog
  6634 | D:6      | Reached XP level 9. HP: 50/82 MP: 8/8
  7190 | D:7      | Found a runed translucent gate.
  7190 | D:7      | Found a runed translucent gate.
  7190 | D:7      | Found a runed translucent gate.
  7204 | D:7      | Found a shimmering altar of Xom.
  7238 | D:7      | Noticed sirJeffrey23's ghost (novice DsMo)
  7248 | D:7      | Killed sirJeffrey23's ghost
  7249 | D:7      | Reached skill level 10 in Fighting
  7253 | D:7      | Got the ring of Xom's Ringing Laughter {Fire rN+}
  7419 | D:7      | Reached skill level 10 in Axes
  7442 | D:7      | Reached XP level 10. HP: 65/94 MP: 9/9
  7654 | D:7      | Noticed Menkaure
  7658 | D:7      | Killed Menkaure
  8134 | D:8      | Reached ** piety under Trog
  8500 | D:8      | Identified the +0 ring mail of the Midnight Sun {rElec
                  | Will+}
  8835 | D:8      | Found a snail-covered altar of Cheibriados.
  9401 | D:9      | Noticed Amaemon
  9401 | D:9      | Noticed an orange demon
  9416 | D:9      | Killed Amaemon
  9426 | D:9      | Killed an orange demon
 10448 | D:9      | Reached *** piety under Trog
 10657 | D:10     | Entered Level 10 of the Dungeon
 10725 | D:10     | Found a staircase to the Orcish Mines.
 10726 | D:10     | Found Qoyleup's Weapon Emporium.
 10727 | D:10     | Found Tofroidey's Armour Emporium.
 10745 | D:10     | Reached XP level 11. HP: 73/104 MP: 10/10
 10935 | D:10     | Noticed Nergalle
 10945 | D:10     | Killed Nergalle
 11563 | D:10     | Bought the +4 hat of Bedevilment {rN+ rCorr} for 489 gold
                  | pieces
 11914 | D:10     | Noticed Joseph
 11918 | D:10     | Killed Joseph
 12295 | D:11     | Found a staircase to the Lair.
 12298 | D:11     | Reached **** piety under Trog
 12552 | D:11     | Noticed a four-headed hydra
 12562 | D:11     | Killed a one-headed hydra
 12704 | D:11     | Noticed a boulder beetle
 12732 | D:11     | Killed a boulder beetle
 12735 | D:11     | Noticed a deep elf pyromancer
 12742 | D:11     | Killed a deep elf pyromancer
 12986 | D:11     | Noticed a boulder beetle
 13001 | D:11     | Killed a boulder beetle
 13002 | D:11     | Reached skill level 10 in Shields
 13254 | D:11     | Gained mutation: You are frail. (-10% HP) [potion of
                  | mutation]
 13255 | D:11     | Lost mutation: You are frail. (-10% HP) [potion of
                  | mutation]
 13255 | D:11     | Gained mutation: You are weak. (Str -2) [potion of
                  | mutation]
 13255 | D:11     | Gained mutation: You expend magic power (3 MP) to
                  | strengthen your wands. [potion of mutation]
 13255 | D:11     | Gained mutation: Your system is resistant to poisons.
                  | (rPois) [potion of mutation]
 13300 | D:11     | Noticed a two-headed ogre
 13310 | D:11     | Killed a two-headed ogre
 13590 | D:12     | Noticed a deep elf pyromancer
 13596 | D:12     | Killed a deep elf pyromancer
 13597 | D:12     | Reached skill level 10 in Armour
 13671 | D:12     | Noticed a boulder beetle
 13696 | D:12     | Killed a boulder beetle
 14405 | D:12     | Noticed a four-headed hydra
 14416 | D:12     | Killed a one-headed hydra
 14417 | D:12     | Reached XP level 12. HP: 88/116 MP: 11/11
 14440 | D:12     | Noticed a centaur warrior
 14450 | D:12     | Killed a centaur warrior
 14462 | D:12     | Noticed a six-headed hydra
 14466 | D:12     | HP: 4/117 [five-headed hydra (2)]
 14468 | D:12     | HP: 1/117 [five-headed hydra (8)]
 14475 | D:12     | Killed a two-headed hydra
 15028 | D:12     | Identified the +0 leather armour "Wanuyps" {+Inv Str+5
                  | Int+3 Stlth-}
 15104 | D:12     | Noticed a centaur warrior
 15111 | D:12     | Identified the +6 triple crossbow "Ritsasch" {flame, rPois}
 15120 | D:12     | Killed a centaur warrior
 15147 | D:12     | Noticed a two-headed ogre
 15158 | D:12     | Noticed a centaur warrior
 15161 | D:12     | Killed a two-headed ogre
 15162 | D:12     | Reached skill level 1 in Dodging
 15163 | D:12     | Noticed a centaur warrior
 15167 | D:12     | Killed a centaur warrior
 15168 | D:12     | Reached skill level 15 in Fighting
 15168 | D:12     | Reached skill level 1 in Evocations
 15168 | D:12     | Killed a centaur warrior
 15292 | D:12     | Noticed a catoblepas
 15307 | D:12     | Killed a catoblepas
 15308 | D:12     | Reached skill level 15 in Axes
 15714 | D:12     | Noticed a five-headed hydra
 15723 | D:12     | Killed a one-headed hydra
 15933 | D:12     | Noticed a fire dragon
 15933 | D:12     | Noticed a death knight
 15946 | D:12     | HP: 2/121 [swamp dragon (shapeshifter) (11)]
 15946 | D:12     | Slain by a swamp dragon (shapeshifter)

Illustrated notes

Levels and vault maps discovered:
D:1:      amcnicky_arrival_underground_garden, layout_loops_cross, serial_shops,
          shop
D:2:      layout_basic, chequers_serial_rivers_large_b, uniq_natasha
D:3:      layout_basic, nicolae_uskayaw_murder_on_the_dancefloor
D:4:      layout_layer_cave
D:5:      layout_basic, nicolae_dithmenos_shadow_blocks,
          minmay_temple_entry_statues_fountains, serial_shops,
          nicolae_shop_hallway_plus, nicolae_shop_waterfront, shop,
          roderic_serpentine_path
D:6:      cheibrodos_quashed, layout_basic, fedhas_ov_isle_minmay,
          corexii_shack, uniq_duvessa, uniq_pikel, uniq_maggie
D:7:      layout_cave_pools, kennysheep_mini, gammafunk_ghost_icy,
          minmay_alternating_orb, uniq_menkaure
D:8:      layout_loops_ring, kennysheep_mini_moat
D:9:      layout_roguey, enter_bailey_4, lemuel_flamethrower_hall, uniq_amaemon
D:10:     layout_basic, orc_david_3, serial_bayou_lagoon_a, uniq_joseph,
          uniq_nergalle
D:11:     layout_rooms, minmay_lair_entry_grove
D:12:     minmay_the_grid_octo_tiled_octocenter [minmay_the_grid_octo_teeth,
          minmay_the_grid_octo_pinwheel, minmay_the_grid_octo_clover_2,
          minmay_the_grid_octo_toaster, minmay_the_grid_octo_prize_star,
          minmay_the_grid_square_5x5_two, minmay_the_grid_square_5x5_checkered,
          minmay_the_grid_square_5x5_inverted_slash,
          minmay_the_grid_square_5x5_tetrominoes], layout_basic
Temple:   minmay_crystal_spiral_temple

Skill      XL: |  1  2  3  4  5  6  7  8  9 10 11 12 |
---------------+-------------------------------------+-----
Fighting       | 4 5 6 7 8 10 12 13 15 | 15.3
Axes           | 3 4 5 6 7 8 10 12 13 15 | 15.1
Shields        | 4 5 6 8 9 10 11 | 11.4
Armour         | 4 5 6 7 9 10 11 | 11.2
Dodging        | 2 |  2.4
Evocations     | 2 |  2.0

Action                   |  1- 3 |  4- 6 |  7- 9 | 10-12 || total
-------------------------+-------+-------+-------+-------++-------
Melee: War axe           |    63 |   131 |   154 |   441 ||   789
       Headbutt          |     9 |    24 |    29 |   138 ||   200
       Long sword        |       |       |       |    29 ||    29
Throw: Boomerang         |       |     3 |     1 |     4 ||     8
Invok: Berserk           |       |       |     2 |     5 ||     7
       Trog's Hand       |       |       |       |     4 ||     4
  Use: Scroll            |       |    11 |     5 |     6 ||    22
       Potion            |       |     1 |       |     7 ||     8
Armor: Scale mail        |    26 |    48 |       |       ||    74
       Plate armour      |       |     9 |    64 |   354 ||   427
Dodge: Dodged            |    39 |    30 |    35 |   127 ||   231
Block: Buckler           |    11 |    22 |    42 |   146 ||   221

Table legend: (Time is in decaauts)
 A = Elapsed time spent in this place.
 B = Non-inter-level travel time spent in this place.
 C = Inter-level travel time spent in this place.
 D = Time resting spent in this place.
 E = Time spent auto-exploring this place.
 F = Levels seen in this place.
 G = Mean time per level.
                   A        B        C        D        E       F      G
               +--------+--------+--------+--------+--------+-----+--------+
         Total |  16108 |  15562 |    546 |   3892 |   9498 |  13 | 1239.1 |
       Dungeon |  15977 |  15457 |    520 |   3892 |   9404 |  12 | 1331.4 |
        Temple |    131 |    105 |     26 |      0 |     94 |   1 |  131.0 |
               +--------+--------+--------+--------+--------+-----+--------+

Top non-repeatable levels by time:
    D:12: 2455 daAuts
    D:10: 1629 daAuts
     D:9: 1389 daAuts
     D:2: 1346 daAuts
     D:5: 1329 daAuts
     D:6: 1273 daAuts
    D:11: 1223 daAuts
     D:8: 1155 daAuts
     D:4: 1154 daAuts
     D:3: 1072 daAuts
     D:1: 987 daAuts
     D:7: 959 daAuts
  Temple: 131 daAuts
